MWL
WAUSAU TIMBERS @ WATERLOO HAWKS
04/23/1982
 
TOP OF THE 1ST
Wausau Timbers batting - Pitching for Waterloo Hawks : RHP Willie Dominguez
Pitching: RHP Willie Dominguez
Batting: RHB John Nicolo 0-0: Ball
1-0: Called Strike
1-1: Foul Ball, location: 2F
1-2: Ball
2-2: Foul Ball, location: 2F
2-2: Ground out 6-3 (Groundball, 6, EV 88.1 MPH)
Batting: LHB Rodney Nealeigh 0-0: Called Strike
0-1: Ball
1-1: Foul Ball, location: 2F
1-2: Ball
2-2: Ball
3-2: Reached on error, E3 (Groundball, 3L, EV 97.5 MPH)
Batting: RHB Alan Griffin 0-0: Ball
1-0: Called Strike
1-1: Ball
2-1: Ball
3-1: Foul Ball, location: 2F
3-2: Strikes out swinging
Rodney Nealeigh is caught stealing 2nd base 2-4
Batter strikes out.
Top of the 1st over - 0 runs, 0 hits, 1 error, 0 left on base; Wausau 0 - Waterloo 0
BOTTOM OF THE 1ST
Waterloo Hawks batting - Pitching for Wausau Timbers : RHP Mario Duran
Pitching: RHP Mario Duran
Batting: RHB Anthony Laurenzi 0-0: Ball
1-0: Ball
2-0: Foul Ball, location: 2F
2-1: Ball
3-1: Called Strike
3-2: Strikes out swinging
Batting: RHB Jay Loviglio 0-0: Ball
1-0: Foul Ball, location: 2F
1-1: Ground out 5-3 (Groundball, 56, EV 103.1 MPH)
Pitching: RHP Daniel Pierce
Batting: RHB Tony Evans 0-0: Foul Ball, location: 2F
0-1: Foul Ball, location: 2F
0-2: Ball
1-2: Ground out 4-3 (Groundball, 4, EV 104.4 MPH)
Bottom of the 1st over - 0 runs, 0 hits, 0 errors, 0 left on base; Wausau 0 - Waterloo 0
TOP OF THE 2ND
Wausau Timbers batting - Pitching for Waterloo Hawks : RHP Willie Dominguez
Batting: RHB Rich Renteria 0-0: Called Strike
0-1: Foul Ball, location: 2F
0-2: Ball
1-2: Ball
2-2: Ball
3-2: SINGLE (Line Drive, 56D, EV 95.6 MPH)
Batting: RHB Douglas Davis 0-0: Called Strike
0-1: Foul Ball, location: 2F
0-2: Ball
1-2: Strikes out swinging
Batting: SHB Herman Lewis 0-0: Ball
1-0: Called Strike
1-1: Fly out, F9 (Flyball, 9D, EV 92.5 MPH)
Batting: LHB Ricky Seilheimer 0-0: Ball
1-0: Foul Ball, location: 2F
1-1: Foul Ball, location: 2F
1-2: Foul Ball, location: 2F
1-2: Ball
2-2: Strikes out swinging
Top of the 2nd over - 0 runs, 1 hit, 0 errors, 1 left on base; Wausau 0 - Waterloo 0
BOTTOM OF THE 2ND
Waterloo Hawks batting - Pitching for Wausau Timbers : RHP Daniel Pierce
Batting: RHB Carmelo Aguayo 0-0: Ball
1-0: Ball
2-0: Ball
3-0: Base on Balls
Batting: RHB Ray Torres 0-0: Called Strike
0-1: Called Strike
0-2: Ball
1-2: Ball
2-2: Foul Ball, location: 2F
2-2: Ball
3-2: Base on Balls
Carmelo Aguayo to second
Batting: LHB Burk Goldthorn 0-0: Ball
1-0: Ball
2-0: Foul Ball, location: 2F
2-1: Ball
3-1: Foul Ball, location: 2F
3-2: Base on Balls
Carmelo Aguayo to third
Ray Torres to second
Batting: RHB Michael Williams 0-0: Ball
1-0: Called Strike
1-1: SINGLE (Groundball, P, EV 84.4 MPH) (infield hit)
Carmelo Aguayo scores
Ray Torres to third
Burk Goldthorn to second
Batting: RHB David Hoyt 0-0: Swinging Strike
0-1: Ball
1-1: Fly out, F8 (Line Drive, 8RM, EV 89.4 MPH)
Runner from 3rd tags up, SCORES, throw by CF
Batting: RHB David Cusack 0-0: Fly out, F8 (Flyball, 78D, EV 101.3 MPH)
Batting: RHB Anthony Laurenzi 0-0: Ball
1-0: Called Strike
1-1: Ball
2-1: Foul Ball, location: 2F
2-2: Fly out, F9 (Line Drive, 9D, EV 110.6 MPH)
Bottom of the 2nd over - 2 runs, 1 hit, 0 errors, 2 left on base; Wausau 0 - Waterloo 2
TOP OF THE 3RD
Wausau Timbers batting - Pitching for Waterloo Hawks : RHP Willie Dominguez
Batting: RHB Jeffrey Young 0-0: Ball
1-0: Foul Ball, location: 2F
1-1: Ball
2-1: Swinging Strike
2-2: Strikes out looking
Batting: RHB John Pignotti 0-0: Ball
1-0: Ball
2-0: Foul Ball, location: 2F
2-1: SINGLE (Groundball, 34D, EV 96.9 MPH)
Batting: RHB John Nicolo 0-0: Ball
1-0: Ball
2-0: Ball
3-0: Called Strike
3-1: Swinging Strike
3-2: Foul Ball, location: 2F
3-2: SINGLE (Groundball, 4MD, EV 110.6 MPH) (infield hit)
John Pignotti to second
Batting: LHB Rodney Nealeigh 0-0: Called Strike
0-1: Fly out, F8 (Line Drive, 8LM, EV 101.9 MPH)
Batting: RHB Alan Griffin 0-0: Called Strike
0-1: Called Strike
0-2: Strikes out swinging
Top of the 3rd over - 0 runs, 2 hits, 0 errors, 2 left on base; Wausau 0 - Waterloo 2
BOTTOM OF THE 3RD
Waterloo Hawks batting - Pitching for Wausau Timbers : RHP Daniel Pierce
Batting: RHB Jay Loviglio 0-0: Ground out 5-3 (Groundball, 56, EV 103.1 MPH)
Batting: RHB Tony Evans 0-0: Ball
1-0: Called Strike
1-1: Swinging Strike
1-2: Strikes out swinging
Batting: RHB Carmelo Aguayo 0-0: Swinging Strike
0-1: Fly out, F8 (Flyball, 8LD, EV 91.3 MPH)
Bottom of the 3rd over - 0 runs, 0 hits, 0 errors, 0 left on base; Wausau 0 - Waterloo 2
TOP OF THE 4TH
Wausau Timbers batting - Pitching for Waterloo Hawks : RHP Willie Dominguez
Batting: RHB Rich Renteria 0-0: Ball
1-0: Ball
2-0: Ball
3-0: Called Strike
3-1: Foul Ball, location: 2F
3-2: Ground out 4-3 (Groundball, 4, EV 106.9 MPH)
Batting: RHB Douglas Davis 0-0: Ball
1-0: Ball
2-0: Ball
3-0: Called Strike
3-1: Swinging Strike
3-2: Strikes out looking
Batting: SHB Herman Lewis 0-0: Swinging Strike
0-1: Foul Ball, location: 2F
0-2: Ball
1-2: Ball
2-2: Foul Ball, location: 2F
2-2: Ball
3-2: SINGLE (Flyball, 56D, EV 98.1 MPH)
Batting: LHB Ricky Seilheimer 0-0: Foul Ball, location: 2F
0-1: Called Strike
0-2: Ball
1-2: Ball
2-2: Ball
3-2: Fly out, F9 (Line Drive, 9, EV 91.9 MPH)
Top of the 4th over - 0 runs, 1 hit, 0 errors, 1 left on base; Wausau 0 - Waterloo 2
BOTTOM OF THE 4TH
Waterloo Hawks batting - Pitching for Wausau Timbers : RHP Daniel Pierce
Batting: RHB Ray Torres 0-0: Foul Ball, location: 2F
0-1: Ball
1-1: Swinging Strike
1-2: Ball
2-2: Ball
3-2: Base on Balls
Batting: LHB Burk Goldthorn 0-0: Ball
1-0: Foul Ball, location: 2F
1-1: Fly out, F3 (Popup, 3L, EV 74.4 MPH)
Batting: RHB Michael Williams 0-0: SINGLE (Groundball, 3D, EV 94.4 MPH)
Ray Torres to second
Runner from 2nd tries for 3rd, SAFE, throw by RF made to third
Batting: RHB David Hoyt 0-0: Ball
1-0: Fly out, F9 (Line Drive, 9, EV 109.4 MPH)
Batting: RHB David Cusack 0-0: Ball
1-0: Ball
Michael Williams steals 2nd base
2-0: Ball
3-0: Called Strike
3-1: Fly out, F8 (Flyball, 78XD, EV 101.9 MPH)
Bottom of the 4th over - 0 runs, 1 hit, 0 errors, 2 left on base; Wausau 0 - Waterloo 2
TOP OF THE 5TH
Wausau Timbers batting - Pitching for Waterloo Hawks : RHP Willie Dominguez
Batting: RHB Jeffrey Young 0-0: Bunted foul
0-1: Foul Ball, location: 2F
0-2: Ball
1-2: Foul Ball, location: 2F
1-2: Ball
2-2: Foul Ball, location: 2F
2-2: Ball
3-2: Strikes out swinging
Batting: RHB John Pignotti 0-0: Foul Ball, location: 2F
0-1: Swinging Strike
0-2: Strikes out swinging
Batting: RHB John Nicolo 0-0: Called Strike
0-1: Foul Ball, location: 2F
0-2: Ball
1-2: Fly out, F2 (Popup, 3SF, EV 88.8 MPH)
Top of the 5th over - 0 runs, 0 hits, 0 errors, 0 left on base; Wausau 0 - Waterloo 2
BOTTOM OF THE 5TH
Waterloo Hawks batting - Pitching for Wausau Timbers : RHP Daniel Pierce
Batting: RHB Anthony Laurenzi 0-0: Called Strike
0-1: Foul Ball, location: 2F
0-2: Foul Ball, location: 2F
0-2: Foul Ball, location: 2F
0-2: Strikes out looking
Batting: RHB Jay Loviglio 0-0: Ball
1-0: Ball
2-0: Ball
3-0: Called Strike
3-1: Base on Balls
Batting: RHB Tony Evans 0-0: Ball
1-0: Ball
2-0: Ball
3-0: Base on Balls
Jay Loviglio to second
Pitching: RHP Robert Tenenini
Batting: RHB Carmelo Aguayo 0-0: Ball
Tony Evans is caught stealing 2nd base 2-4
Jay Loviglio steals 3rd base
1-0: Ball
2-0: Ball
3-0: Called Strike
3-1: Base on Balls
Batting: RHB Ray Torres 0-0: Ball
1-0: Swinging Strike
1-1: Swinging Strike
1-2: Fly out, F9 (Line Drive, 9, EV 85.6 MPH)
Bottom of the 5th over - 0 runs, 0 hits, 0 errors, 2 left on base; Wausau 0 - Waterloo 2
TOP OF THE 6TH
Wausau Timbers batting - Pitching for Waterloo Hawks : RHP Willie Dominguez
Batting: LHB Rodney Nealeigh 0-0: Ball
1-0: Called Strike
1-1: Swinging Strike
1-2: Ground out 6-3 (Groundball, 6, EV 80.6 MPH)
Batting: RHB Alan Griffin 0-0: Swinging Strike
0-1: Ball
1-1: Called Strike
1-2: Ground out 6-3 (Groundball, 6, EV 80.0 MPH)
Batting: RHB Rich Renteria 0-0: Foul Ball, location: 2F
0-1: Ball
1-1: Called Strike
1-2: Foul Ball, location: 2F
1-2: SINGLE (Flyball, 4D, EV 98.1 MPH)
Batting: RHB Douglas Davis 0-0: Called Strike
0-1: Swinging Strike
0-2: Ball
1-2: Strikes out looking
Top of the 6th over - 0 runs, 1 hit, 0 errors, 1 left on base; Wausau 0 - Waterloo 2
BOTTOM OF THE 6TH
Waterloo Hawks batting - Pitching for Wausau Timbers : RHP Robert Tenenini
Batting: LHB Burk Goldthorn 0-0: Ball
1-0: Ball
2-0: Ball
3-0: Base on Balls
Batting: RHB Michael Williams 0-0: Ball
1-0: Foul Ball, location: 2F
1-1: Called Strike
1-2: SINGLE (Groundball, 6D, EV 103.1 MPH)
Burk Goldthorn to second
Batting: RHB David Hoyt 0-0: Ball
1-0: Fly out, F9 (Flyball, 9S, EV 89.4 MPH)
Batting: RHB David Cusack 0-0: Ball
1-0: Foul Ball, location: 2F
1-1: Ball
Wild Pitch!
Burk Goldthorn to third
Michael Williams to second
2-1: Called Strike
2-2: Foul Ball, location: 2F
2-2: Ball
3-2: SINGLE (Groundball, 56D, EV 101.9 MPH)
Burk Goldthorn scores
Michael Williams to third
Runner from 3rd tries for Home, SAFE, throw by LF to home
Batting: RHB Anthony Laurenzi 0-0: Grounds into double play, 6-4-3 (Groundball, 6, EV 100.6 MPH)
Bottom of the 6th over - 2 runs, 2 hits, 0 errors, 0 left on base; Wausau 0 - Waterloo 4
TOP OF THE 7TH
Wausau Timbers batting - Pitching for Waterloo Hawks : RHP Willie Dominguez
Batting: SHB Herman Lewis 0-0: Ball
1-0: Ball
2-0: Ball
3-0: Base on Balls
Batting: LHB Ricky Seilheimer 0-0: Called Strike
0-1: Ball
1-1: Foul Ball, location: 2F
1-2: Foul Ball, location: 2F
1-2: Foul Ball, location: 2F
1-2: Ball
2-2: Fielders Choice at 2nd, 3-6 (Groundball, 3, EV 92.5 MPH)
Batting: RHB Jeffrey Young 0-0: SINGLE (Groundball, 56S, EV 63.8 MPH) (infield hit)
Ricky Seilheimer to second
Batting: RHB John Pignotti 0-0: Foul Ball, location: 2F
0-1: Called Strike
0-2: Ball
1-2: Strikes out swinging
Batting: RHB John Nicolo 0-0: Foul Ball, location: 2F
0-1: Ball
1-1: Called Strike
1-2: Ball
2-2: Foul Ball, location: 2F
2-2: Strikes out swinging
Top of the 7th over - 0 runs, 1 hit, 0 errors, 2 left on base; Wausau 0 - Waterloo 4
BOTTOM OF THE 7TH
Waterloo Hawks batting - Pitching for Wausau Timbers : RHP Robert Tenenini
Batting: RHB Jay Loviglio 0-0: Ground out 5-3 (Groundball, 15, EV 80.0 MPH)
Batting: RHB Tony Evans 0-0: Ball
1-0: Called Strike
1-1: Called Strike
1-2: Ground out 5-3 (Groundball, 56, EV 86.9 MPH)
Batting: RHB Carmelo Aguayo 0-0: Reached on error, E4 (Groundball, 4, EV 93.1 MPH)
Batting: RHB Ray Torres 0-0: SINGLE (Groundball, 6M, EV 83.8 MPH) (infield hit)
Carmelo Aguayo to second
Batting: LHB Burk Goldthorn 0-0: Ball
1-0: Foul Ball, location: 2F
1-1: Ball
2-1: Fielders Choice at 2nd, 5-4 (Groundball, 56, EV 90.6 MPH)
Bottom of the 7th over - 0 runs, 1 hit, 1 error, 2 left on base; Wausau 0 - Waterloo 4
TOP OF THE 8TH
Wausau Timbers batting - Pitching for Waterloo Hawks : RHP Willie Dominguez
Batting: LHB Rodney Nealeigh 0-0: Called Strike
0-1: Ball
1-1: Called Strike
1-2: Ball
2-2: Strikes out swinging
Batting: RHB Alan Griffin 0-0: Fly out, F9 (Flyball, 89S, EV 91.9 MPH)
Batting: RHB Rich Renteria 0-0: Fly out, F7 (Flyball, 7S, EV 82.5 MPH)
Top of the 8th over - 0 runs, 0 hits, 0 errors, 0 left on base; Wausau 0 - Waterloo 4
BOTTOM OF THE 8TH
Waterloo Hawks batting - Pitching for Wausau Timbers : RHP Robert Tenenini
Batting: RHB Michael Williams 0-0: Swinging Strike
0-1: Swinging Strike
0-2: Foul Ball, location: 2F
0-2: Ball
1-2: Ball
2-2: Strikes out swinging
Batting: RHB David Hoyt 0-0: Called Strike
0-1: Called Strike
0-2: Strikes out looking
Batting: RHB David Cusack 0-0: Ball
1-0: Ball
2-0: Fly out, F9 (Flyball, 89M, EV 95.6 MPH)
Bottom of the 8th over - 0 runs, 0 hits, 0 errors, 0 left on base; Wausau 0 - Waterloo 4
TOP OF THE 9TH
Wausau Timbers batting - Pitching for Waterloo Hawks : RHP Willie Dominguez
Batting: RHB Douglas Davis 0-0: Swinging Strike
0-1: Ball
1-1: Foul Ball, location: 2F
1-2: Ball
2-2: Foul Ball, location: 2F
2-2: Strikes out swinging, 2-3 out at first.
Batting: SHB Herman Lewis 0-0: Ball
1-0: Ball
2-0: Foul Ball, location: 2F
2-1: Ball
3-1: Foul Ball, location: 2F
3-2: Fly out, F7 (Flyball, 7, EV 86.3 MPH)
Batting: LHB Ricky Seilheimer 0-0: Ball
1-0: SINGLE (Flyball, 8LS, EV 93.8 MPH)
Batting: RHB Jeffrey Young 0-0: Ball
1-0: Foul Ball, location: 2F
1-1: Ball
Wild Pitch!
Ricky Seilheimer to second
2-1: Foul Ball, location: 2F
2-2: Foul Ball, location: 2F
2-2: SINGLE (Groundball, 6MD, EV 101.9 MPH)
Ricky Seilheimer to third
Batting: RHB John Pignotti 0-0: Ball
1-0: Ball
2-0: Called Strike
2-1: Ground out 4-3 (Groundball, 4, EV 88.8 MPH)
Top of the 9th over - 0 runs, 2 hits, 0 errors, 2 left on base; Wausau 0 - Waterloo 4
Wednesday, July 22nd, 2020 - OOTP Baseball 21.4 Build 63